 Dungeon Crawl Stone Soup version 0.31-a0-303-gdc8c9485ea (webtiles) character file.

Game seed: 413205860483747040

4 cforsyth the Changeling (level 2, -3/37 HPs)
             Began as a Meteoran Shapeshifter on July 16, 2023.
             Killed from afar by Sigmund (8 damage)
             ... with a puff of flame
             ... on level 2 of the Dungeon.
             The game lasted 00:01:17 (230 turns).

cforsyth the Changeling (Meteoran Shapeshifter)      Turns: 230, Time: 00:01:18

Health: -3/37      AC: 21    Str: 16    XL:     2   Next: 0%
Magic:  3/3        EV:  2    Int:  9    God:
Gold:   41         SH:  0    Dex: 14    Spells: 1/1 levels left

rFire   . .          .
                       - Unarmed
rCold   . . .        (no shield)
rNeg    . . .        a - melded +0 animal skin
rPois   +            (helmet currently unavailable)
rElec   .            (cloak currently unavailable)
rCorr   .            (gloves currently unavailable)
SInv    .            (boots currently unavailable)
Will    .....        (no amulet)
Stlth   +            (no ring)
HPRegen 0.26/turn    (no ring)
MPRegen 0.08/turn

%: no passive effects
@: tree-form, glowing
A: stationary, stasis, torment immunity, boosted hp, sense surroundings 1,
otherworldly, glowing, explore regen
a: no special abilities


You were on level 2 of the Dungeon.
You were a tree.
You visited 1 branch of the dungeon, and saw 2 of its levels.

You collected 41 gold pieces.

Inventory:

Armour
 a - a +0 animal skin (melded)
Talismans
 c - a beast talisman
Scrolls
 d - 2 scrolls of silence
 e - a scroll of fog {unknown}


   Skills:
 + Level 2.4 Fighting
 - Level 2.4 Dodging
 + Level 2.7 Unarmed Combat
 - Level 3.6 Shapeshifting


You had one spell level left.
You didn't know any spells.
Your spell library was empty.

Dungeon Overview and Level Annotations

Branches:
Dungeon (2/15) Zot: 967

Altars:

Shops:
D:1 *

Annotations:
D:2 Sigmund


Innate Abilities, Weirdness & Mutations

You are a tree.
Your roots penetrate the ground, keeping you stationary.
You cannot be teleported.
You are immune to unholy pain and torment.
Your maximum health is greatly increased.
Your equipment is partially melded.
You passively map a small area around you.
You are easily found by Zot.
You glow in the dark.
You regain HP and MP as you explore.


Message History

You barely miss Sigmund. You barely miss Sigmund.
Sigmund points at you and mumbles some strange words.
You are more confused.
You nearly hit yourself!
Sigmund points at you and mumbles some strange words.
The puff of flame hits you.
You completely miss Sigmund.
Sigmund flickers, as though insubstantial.
Sigmund hits you but does no damage.
You miss Sigmund. You closely miss Sigmund.
Sigmund zaps a wand.
The puff of flame hits you.
You swing at nothing.
Sigmund hits you but does no damage.
You nearly hit yourself!
Sigmund gestures at you while chanting. The magic dart hits you!
* * * LOW HITPOINT WARNING * * *
You attack the rock wall.
Sigmund hits you with a +0 scythe.
* * * LOW HITPOINT WARNING * * *
You closely miss Sigmund.
You swing at nothing.
Sigmund zaps a wand.
The puff of flame hits you but does no damage.
You barely miss Sigmund. Sigmund gestures at you while chanting.
The magic dart hits you but does no damage.
You closely miss Sigmund. Sigmund hits you with a +0 scythe.
* * * LOW HITPOINT WARNING * * *
You aren't carrying any potions.
You aren't carrying any potions.
You swing at nothing.
You feel less confused.
Unknown command.
You barely miss Sigmund. Sigmund hits you with a +0 scythe.
* * * LOW HITPOINT WARNING * * *
Unknown command.
You smack Sigmund!
Sigmund is heavily wounded.
Sigmund says, "Look into my eyes."
Sigmund zaps a wand.
The puff of flame hits you!
You die...

.. * ,, * .
#..) , ,
#..# , #..#
, , #..# * *
*####.=## *
, , ...... ,
, , *
*#..########
*
#.<♣@..◑...
#.#########
#.* , , #. ,
#. #.* #.*
#. , ,


You could see Sigmund.

Vanquished Creatures
  An endoplasm (D:1)
  A kobold (D:1)
  A frilled lizard (D:1)
  2 rats (D:1)
5 creatures vanquished.

Notes
Turn   | Place    | Note
-------+----------+-------------------------------------------
     0 | D:1      | cforsyth the Meteoran Shapeshifter began the quest for the
                  | Orb.
     0 | D:1      | Reached XP level 1. HP: 17/17 MP: 2/2
    97 | D:1      | Found Beda's General Store.
   207 | D:1      | Reached XP level 2. HP: 21/25 MP: 3/3
   208 | D:2      | Noticed Sigmund
   230 | D:2      | Killed from afar by Sigmund

Illustrated notes

Levels and vault maps discovered:
D:1:      ncdulo_wetmaze, layout_basic, serial_shops, shop
D:2:      layout_loops_ring, basic_altar, uniq_jessica, uniq_sigmund,
          uniq_terence

Action                     || total
---------------------------++-------
  Melee: Unarmed           ||    22
    Use: Scroll            ||     1
         Potion            ||     1
 Armour: Animal skin       ||     3
         Skin              ||     6
  Dodge: Dodged            ||     4

Table legend: (Time is in decaauts)
 A = Elapsed time spent in this place.
 B = Non-inter-level travel time spent in this place.
 C = Inter-level travel time spent in this place.
 D = Time resting spent in this place.
 E = Time spent auto-exploring this place.
 F = Levels seen in this place.
 G = Mean time per level.
                   A        B        C        D        E       F      G
               +--------+--------+--------+--------+--------+-----+--------+
         Total |    231 |    231 |      0 |      0 |      0 |   2 |  115.5 |
       Dungeon |    231 |    231 |      0 |      0 |      0 |   2 |  115.5 |
               +--------+--------+--------+--------+--------+-----+--------+

Top non-repeatable levels by time:
     D:1: 208 daAuts
     D:2: 22 daAuts
